 Dungeon Crawl Stone Soup version 0.17.0-24-gcfadda4 (webtiles) character file.

430 Sorcv the Sneak (level 6, -4/41 HPs)
             Began as a Mummy Enchanter on Nov 15, 2015.
             Killed from afar by an orc wizard (12 damage)
             ... with a puff of flame
             ... on level 5 of the Dungeon.
             The game lasted 00:11:15 (4160 turns).

Sorcv the Sneak (Mummy Enchanter)                   Turns: 4160, Time: 00:11:15

Health: -4/41      AC:  5    Str: 11    XL:     6   Next: 66%
Magic:  2/9        EV: 12    Int: 14    God:
Gold:   140        SH:  4    Dex: 15    Spells: 3 memorised, 3 levels left

rFire  x . .     SeeInvis .     j - +0 short sword (venom)
rCold  + . .     Clarity  .     b - +1 robe
rNeg   + + +     SustAt   .     h - +0 buckler (curse)
rPois  ∞         Gourm    .     m - +0 helmet
rElec  .         Spirit   .     (no cloak)
rCorr  .         Warding  .     (no gloves)
rMut   +         Stasis   .     e - +0 pair of boots
MR     .....                    i - amulet of resist mutation
Stlth  +++.......               (no ring)
                                (no ring)

@: not resistant to hostile enchantments, fairly stealthy
A: no food or potions, fire vulnerability, cold resistance 1, negative energy
resistance 3, torment resistance, unbreathing
a: no special abilities


You were on level 5 of the Dungeon.
You were not hungry.

You visited 1 branch of the dungeon, and saw 5 of its levels.

You collected 140 gold pieces.

Inventory:

Hand Weapons
 a - a +1 dagger
 j - a +0 short sword of venom (weapon)
Armour
 b - a +1 robe (worn)
 e - a +0 pair of boots (worn)
 h - a cursed +0 buckler (worn)
 m - a +0 helmet (worn)
Jewellery
 i - an amulet of resist mutation (around neck)
Scrolls
 d - a scroll of enchant weapon
 f - 4 scrolls of teleportation
 g - a scroll of noise
 n - 5 scrolls of remove curse
 o - a scroll of recharging {unknown}
 p - a scroll of immolation {unknown}
 q - 2 scrolls of enchant armour {unknown}
Books
 c - a book of Maledictions

   Spells                             Type                      Level
   a - Corona                         Hexes                        1
   b - Ensorcelled Hibernation        Hexes/Ice                    2
   c - Confuse                        Hexes                        3
   d - Tukima's Dance                 Hexes                        3
   e - Dazzling Spray                 Conjuration/Hexes            3
 k - a Necronomicon

   Spells                             Type                      Level
   a - Haunt                          Necromancy/Summoning         7
   b - Borgnjor's Revivification      Necromancy                   8
   c - Death's Door                   Charms/Necromancy            8
   d - Necromutation                  Transmutation/Necromancy     8
 l - a book of Geomancy

   Spells                             Type                      Level
   a - Sandblast                      Earth                        1
   b - Stoneskin                      Transmutation/Earth          2
   c - Passwall                       Transmutation/Earth          3
   d - Stone Arrow                    Conjuration/Earth            3
   e - Petrify                        Transmutation/Earth          4
   f - Lee's Rapid Deconstruction     Earth                        5


   Skills:
 - Level 1.0 Short Blades
 - Level 1.5 Dodging
 * Level 5.9 Stealth
 + Level 1.9 Shields
 - Level 2.0 Spellcasting
 - Level 3.0 Hexes
 - Level 1.1 Ice Magic


You had 3 spell levels left.
You knew the following spells:

 Your Spells              Type           Power        Failure   Level  Hunger
a - Corona                Hex            #......      10%         1    N/A
b - Ensorcelled Hibernat  Hex/Ice        #.....       21%         2    N/A
c - Confuse               Hex            #.......     28%         3    N/A

Dungeon Overview and Level Annotations

Branches:
Dungeon (5/15)
 Temple: D:4-7

Altars:
Cheibriados


Innate Abilities, Weirdness & Mutations

You do not eat or drink.
Your flesh is vulnerable to fire.
You are immune to poison.
Your flesh is cold resistant.
You are immune to negative energy.
You are immune to unholy pain and torment.
You can survive without breathing.


Message History

The hungry ghost hits you.
* * * LOW HITPOINT WARNING * * *
You miss the hungry ghost.
The hungry ghost is almost destroyed.
The hungry ghost hits you.
* * * LOW HITPOINT WARNING * * *
Your magical contamination has completely faded away.
You miss the hungry ghost.
The hungry ghost is almost destroyed.
The hungry ghost barely misses you.
You hit the hungry ghost.
You destroy the hungry ghost!
You barely miss something. Something hits you.
* * * LOW HITPOINT WARNING * * *
Things that are here:
a hand axe; a leather armour You hear some strange, mumbled words.
A puff of flame appears from out of thin air!
The puff of flame hits you! The fire burns you terribly!
You die...

#..W....# #.# #.#
#####.# .. #.....#
#. #.###.# #.#
#...#)#
##..#####.#.# ..
.......@....# #.#
####..####.#.####.#
#........#.#....#.#
.###...##.#.##.#.#
#..<..##.#.##.#.#
#.##W.##.#.##.#.## #
#.....##.#.#.....#
#.#####..#.#.####..#
#..........#.......#


There were no monsters in sight!

Vanquished Creatures
  A hungry ghost (D:5)
  A crimson imp (D:3)
  An orc priest (D:3)
  A worker ant (D:3)
  A jelly (D:4)
  An orc wizard (D:3)
  8 adders (D:3)
  An ooze (D:4)
  2 worms (D:2)
  3 giant geckos
  9 orcs
  4 goblins
  11 hobgoblins
  3 quokkas
  5 bats
  2 giant cockroaches
  A giant gecko zombie (D:5)
  3 giant newts
  8 kobolds
  8 rats
74 creatures vanquished.

Vanquished Creatures (others)
  4 orcs (D:4)
  A plant (D:2)
5 creatures vanquished.

Grand Total: 79 creatures vanquished

Notes
Turn   | Place    | Note
--------------------------------------------------------------
     0 | D:1      | Sorcv the Mummy Enchanter began the quest for the Orb.
     0 | D:1      | Reached XP level 1. HP: 13/13 MP: 3/3
   329 | D:1      | Reached skill level 1 in Short Blades
   369 | D:1      | Reached XP level 2. HP: 17/19 MP: 5/5
   650 | D:1      | Reached skill level 3 in Stealth
  1131 | D:2      | Learned a level 2 spell: Ensorcelled Hibernation
  1137 | D:2      | Found a snail-covered altar of Cheibriados.
  1553 | D:2      | Reached XP level 3. HP: 2/24 MP: 3/6
  1915 | D:3      | Reached XP level 4. HP: 20/30 MP: 7/7
  2246 | D:3      | Reached skill level 4 in Stealth
  2293 | D:3      | Reached skill level 1 in Ice Magic
  2669 | D:3      | Reached XP level 5. HP: 31/35 MP: 5/8
  3282 | D:3      | Reached skill level 5 in Stealth
  3282 | D:3      | Reached skill level 1 in Shields
  3540 | D:4      | Reached XP level 6. HP: 29/41 MP: 1/9
  3612 | D:4      | Noticed a phantom
  3627 | D:4      | Learned a level 3 spell: Confuse
  3682 | D:5      | Entered Level 5 of the Dungeon
  3693 | D:5      | Noticed a hungry ghost
  4153 | D:5      | Killed a hungry ghost
  4160 | D:5      | Killed from afar by an orc wizard

Action                   |  1- 3 |  4- 6 || total
-------------------------+-------+-------++-------
Melee: Dagger            |   103 |       ||   103
       Short sword       |    49 |   162 ||   211
 Cast: Corona            |     2 |     5 ||     7
       Ensorcelled Hiber |     3 |     8 ||    11
       Confuse           |       |     4 ||     4
  Use: Scroll            |       |     6 ||     6
 Stab: Sleeping          |     7 |     9 ||    16
